 Dungeon Crawl Stone Soup version 0.26-a0-542-gbaa144ba5c (console) character file.

Game seed: 8091804045106108178

687 FIQ the Ducker (level 7, 0/56 HPs)
             Began as a Gnoll Wanderer on Aug 18, 2020.
             Killed by nerve-wracking pain
             ... invoked by an orc priest
              (9 damage)
             ... on level 4 of the Dungeon.
             The game lasted 00:05:03 (3655 turns).

FIQ the Ducker (Gnoll Wanderer)                     Turns: 3655, Time: 00:05:03

Health: 0/56       AC:  2    Str: 15    XL:     7   Next: 62%
Magic:  10/10      EV: 15    Int: 14    God:
Gold:   240        SH:  5    Dex: 16    Spells: 11/11 levels left

rFire    . . .     SeeInvis .   a - +2 quarterstaff
rCold    . . .     Faith    .   (shield currently unavailable)
rNeg     . . .     Spirit   .   m - +0 robe (curse)
rPois    .         Reflect  +   (no helmet)
rElec    .         Harm     .   (no cloak)
rCorr    .                      (no gloves)
MR       .....                  (no boots)
Stlth    +++.......             o - amulet of reflection
HPRegen  0.18/turn              l - ring of wizardry
MPRegen  0.12/turn              (no ring)

@: no status effects
A: distributed training, fangs 1, strong nose
a: no special abilities


You were on level 4 of the Dungeon.
You visited 1 branch of the dungeon, and saw 4 of its levels.

You collected 240 gold pieces.

Inventory:

Hand Weapons
 a - a +2 quarterstaff (weapon)
 b - a +0 spear
 e - a +0 dagger
 r - a +2 hand axe of flaming
Armour
 m - a cursed +0 robe (worn)
Jewellery
 l - a ring of wizardry (left hand)
 o - an amulet of reflection (around neck)
Wands
 k - a wand of random effects (20)
 q - a wand of disintegration (11)
Scrolls
 d - 2 scrolls of teleportation {unknown}
 g - a scroll of enchant armour {unknown}
 h - 2 scrolls of identify
 i - a scroll of remove curse {unknown}
 j - a scroll of immolation {unknown}
 n - a scroll of enchant weapon {unknown}
Potions
 c - a potion of curing
 f - 2 potions of invisibility {unknown}
 p - 2 potions of might
 s - 2 potions of resistance
 t - a potion of brilliance {unknown}


   Skills:
 + Level 5.3 Fighting
 + Level 2.6 Short Blades
 + Level 2.6 Long Blades
 + Level 2.6 Axes
 + Level 2.6 Maces & Flails
 + Level 5.3 Polearms
 + Level 3.7 Staves
 + Level 2.6 Slings
 + Level 2.6 Bows
 + Level 2.6 Crossbows
 + Level 2.6 Throwing
 + Level 2.6 Armour
 + Level 5.3 Dodging
 + Level 5.0 Stealth
 + Level 2.6 Shields
 + Level 2.6 Unarmed Combat
 + Level 2.6 Spellcasting
 + Level 2.1 Conjurations
 + Level 2.1 Hexes
 + Level 2.1 Summonings
 + Level 2.1 Necromancy
 + Level 2.1 Translocations
 + Level 2.1 Transmutations
 + Level 2.1 Fire Magic
 + Level 2.1 Ice Magic
 + Level 2.1 Air Magic
 + Level 2.1 Earth Magic
 + Level 2.1 Poison Magic
 + Level 2.9 Invocations
 + Level 3.7 Evocations


You had 11 spell levels left.
You didn't know any spells.
Your spell library was empty.

Dungeon Overview and Level Annotations

Branches:
Dungeon (4/15)
 Temple: D:4-7

Altars:
Ashenzari
Ru
Wu Jian


Innate Abilities, Weirdness & Mutations

Your experience applies equally to all skills.
You have very sharp teeth.
Your uncanny sense of smell can sniff out nearby items.


Message History

Something hits you.
You hit the orc priest but do no damage.
You bite the orc priest, but do no damage.
The orc priest is moderately wounded.
You block something's attack.
The orc priest mumbles some strange prayers to Beogh against you.
Pain shoots through your body!
* * * LOW HITPOINT WARNING * * *
Something hits you.
* * * LOW HITPOINT WARNING * * *
You hit the orc priest but do no damage.
The orc priest is moderately wounded.
The orc priest closely misses you. Something hits you.
* * * LOW HITPOINT WARNING * * *
You hit the orc priest but do no damage.
The orc priest is moderately wounded.
Something hits you but does no damage.
The orc priest calls down the wrath of Beogh upon you.
Pain shoots through your body!
You die...

#.# #.# ##.## #.#
#.# #.#
#.#########.#####.##
#...........#.......
#.#.######..#.###...
#.#.# #..#.##)...
#$#.# #..........
###.#.# ##.#........
#.....# #....).....>
#.###.# ...#....####
#. #@# #.##.#.# #
#o{..# #.#.# .o....#
#.#.# ..........
#.#.# ###..?..###
#.#.# ∆ ##...##
#...# #.## ##..# ∆
.# ##..# #...# #..##
##..#####


You could see an orc priest and an orc.

Vanquished Creatures
  Grinder (D:4)
  An ogre (D:4)
  2 scorpions (D:4)
  3 orc wizards
  An orc priest (D:3)
  3 worker ants
  3 adders
  A worm (D:3)
  2 dart slugs
  7 leopard geckos
  7 orcs
  A giant cockroach (D:3)
  19 goblins
  6 hobgoblins
  6 jackals
  2 quokkas (D:3)
  11 bats
  5 frilled lizards
  5 kobolds
  13 rats
99 creatures vanquished.

Notes
Turn   | Place    | Note
-------+----------+-------------------------------------------
     0 | D:1      | FIQ the Gnoll Wanderer began the quest for the Orb.
     0 | D:1      | FIQ set off with the following items: a +2 quarterstaff, a
                  | +0 spear, a potion of curing, a +0 robe, a +0 dagger
     0 | D:1      | Reached XP level 1. HP: 20/20 MP: 1/1
    39 | D:1      | Reached XP level 2. HP: 13/26 MP: 2/2
   392 | D:1      | Reached XP level 3. HP: 31/31 MP: 3/3
   940 | D:2      | Reached skill level 1 in Invocations
  1152 | D:2      | Reached skill level 1 in Short Blades
  1152 | D:2      | Reached skill level 1 in Long Blades
  1152 | D:2      | Reached skill level 1 in Axes
  1152 | D:2      | Reached skill level 1 in Maces & Flails
  1152 | D:2      | Reached skill level 1 in Slings
  1152 | D:2      | Reached skill level 1 in Bows
  1152 | D:2      | Reached skill level 1 in Crossbows
  1152 | D:2      | Reached skill level 1 in Throwing
  1152 | D:2      | Reached skill level 1 in Armour
  1152 | D:2      | Reached skill level 1 in Shields
  1152 | D:2      | Reached skill level 1 in Unarmed Combat
  1152 | D:2      | Reached skill level 1 in Spellcasting
  1223 | D:2      | Reached XP level 4. HP: 38/38 MP: 5/5
  1236 | D:2      | Found an ornate altar of the Wu Jian Council.
  1684 | D:3      | Reached skill level 1 in Conjurations
  1684 | D:3      | Reached skill level 1 in Hexes
  1684 | D:3      | Reached skill level 1 in Summonings
  1684 | D:3      | Reached skill level 1 in Necromancy
  1684 | D:3      | Reached skill level 1 in Translocations
  1684 | D:3      | Reached skill level 1 in Transmutations
  1684 | D:3      | Reached skill level 1 in Fire Magic
  1684 | D:3      | Reached skill level 1 in Ice Magic
  1684 | D:3      | Reached skill level 1 in Air Magic
  1684 | D:3      | Reached skill level 1 in Earth Magic
  1684 | D:3      | Reached skill level 1 in Poison Magic
  1824 | D:3      | Found a sacrificial altar of Ru.
  1867 | D:3      | Reached XP level 5. HP: 34/43 MP: 5/7
  2780 | D:4      | Reached XP level 6. HP: 50/50 MP: 8/8
  2792 | D:4      | Reached skill level 5 in Fighting
  2792 | D:4      | Reached skill level 5 in Polearms
  2792 | D:4      | Reached skill level 5 in Dodging
  2921 | D:4      | Found a shattered altar of Ashenzari.
  2934 | D:4      | Noticed Grinder
  2940 | D:4      | Killed Grinder
  2940 | D:4      | Reached XP level 7. HP: 31/56 MP: 10/10
  3644 | D:4      | Reached skill level 5 in Stealth
  3655 | D:4      | Killed from afar by an orc priest

Illustrated notes

Levels and vault maps discovered:
D:1:      saegor_arrival_miasma, layout_basic, minmay_domino_4
D:2:      layout_rooms, nicolae_overflow_crystal_walls
D:3:      layout_loops_corners, nicolae_ru_sacrificial_ziggurat
D:4:      layout_loops_ring, old_standard_altar, minmay_ogre_servants,
          uniq_grinder

Skill      XL: |  1  2  3  4  5  6  7 |
---------------+----------------------+-----
Invocations    | 1 2 |  2.9
Short Blades   | 1 2 |  2.6
Long Blades    | 1 2 |  2.6
Axes           | 1 2 |  2.6
Maces & Flails | 1 2 |  2.6
Slings         | 1 2 |  2.6
Bows           | 1 2 |  2.6
Crossbows      | 1 2 |  2.6
Throwing       | 1 2 |  2.6
Armour         | 1 2 |  2.6
Shields        | 1 2 |  2.6
Unarmed Combat | 1 2 |  2.6
Spellcasting   | 1 2 |  2.6
Conjurations   | 1 2 |  2.1
Hexes          | 1 2 |  2.1
Summonings     | 1 2 |  2.1
Necromancy     | 1 2 |  2.1
Translocations | 1 2 |  2.1
Transmutations | 1 2 |  2.1
Fire Magic     | 1 2 |  2.1
Ice Magic      | 1 2 |  2.1
Air Magic      | 1 2 |  2.1
Earth Magic    | 1 2 |  2.1
Poison Magic   | 1 2 |  2.1
Staves         | 3 |  3.7
Evocations     | 3 |  3.7
Fighting       | 5 |  5.3
Polearms       | 5 |  5.3
Dodging        | 5 |  5.3
Stealth        | 5 |  5.0

Action                   |  1- 3 |  4- 6 |  7- 9 || total
-------------------------+-------+-------+-------++-------
Melee: Quarterstaff      |    90 |   122 |    49 ||   261
       Bite              |     8 |    10 |     7 ||    25
  Use: Potion            |       |     6 |     1 ||     7
       Scroll            |       |     1 |       ||     1
 Stab: Sleeping          |     6 |    12 |       ||    18
       Distracted        |     1 |       |       ||     1
Armor: Robe              |    21 |    13 |     3 ||    37
Dodge: Dodged            |   113 |    58 |    30 ||   201
Block: Other             |       |    21 |     8 ||    29
       Reflection        |       |       |     1 ||     1

Table legend: (Time is in decaauts)
 A = Elapsed time spent in this place.
 B = Non-inter-level travel time spent in this place.
 C = Inter-level travel time spent in this place.
 D = Time resting spent in this place.
 E = Time spent auto-exploring this place.
 F = Levels seen in this place.
 G = Mean time per level.
                   A        B        C        D        E       F      G
               +--------+--------+--------+--------+--------+-----+--------+
         Total |   3674 |   3502 |    172 |      0 |   2891 |   4 |  918.5 |
       Dungeon |   3674 |   3502 |    172 |      0 |   2891 |   4 |  918.5 |
               +--------+--------+--------+--------+--------+-----+--------+

Top non-repeatable levels by time:
     D:3: 1232 daAuts
     D:1: 934 daAuts
     D:4: 909 daAuts
     D:2: 598 daAuts
